 Dungeon Crawl Stone Soup version 0.30-a0-25-gacc37e2db0 (webtiles) character file.

Game seed: 13788074239068554063

376190 Majang the Slayer (level 23, -6/185 HPs)
             Began as a Djinni Ice Elementalist on Aug 7, 2022.
             Was the Champion of Makhleb.
             Killed from afar by a frost giant (47 damage)
             ... with a bolt of cold
             ... on level 2 of the Depths on Aug 25, 2022.
             The game lasted 06:21:55 (48248 turns).

Majang the Slayer (Djinni Ice Elementalist)        Turns: 48248, Time: 06:21:55

Health: -6/185     AC: 23    Str:  9    XL:     23   Next: 85%
Gold:   4575       EV: 20    Int: 37    God:    Makhleb [******] SH: 16 Dex: 17

rFire   + + +      SeeInvis +    b - staff of earth
rCold   . . .      Faith    .    y - +2 kite shield {rC+}
rNeg    . . .      Spirit   .    w - +2 troll leather armour
rPois   ∞          Reflect  .    x - +2 hat {SInv}
rElec   .          Harm     .    d - +2 cloak
rCorr   .          Rampage  .    O - +0 pair of gloves
Will    ++...                    (boots unavailable)
Stlth   ++........               E - amulet of regeneration
HPRegen 2.00/turn                c - ring of Ryhodeut {rF++ Str+2 Int+6 SInv}
MPRegen 0.00/turn                i - +6 ring of intelligence

@: ice-armoured, flying, slightly contaminated
A: sickness immunity, fire resistance 2, cold vulnerability 1, float, innate
caster, HP casting, extra vitality 1
}: 2/15 runes: decaying, serpentine
a: Renounce Religion, Minor Destruction, Lesser Servant of Makhleb, Major
Destruction, Greater Servant of Makhleb


You were on level 2 of the Depths.
You worshipped Makhleb.
Makhleb was exalted by your worship.
You visited 9 branches of the dungeon, and saw 39 of its levels.
You also visited: Desolation.

You collected 6032 gold pieces.
You spent 1457 gold pieces at shops.

Inventory:

Hand Weapons
 J - the +7 eveningstar of the Fresh God {drain, rElec rPois rC+ Str+2}
   (You acquired it on level 2 of the Orcish Mines)

   A truly terrible weapon, it drains the life of any living foe it strikes.
   Str:       It affects your strength (+2).
   rC:        It protects you from cold.
   rElec:     It insulates you from electricity.
   rPois:     It protects you from poison.
Armour
 d - a +2 cloak (worn)
 w - a +2 troll leather armour (worn)
 x - a +2 hat of see invisible (worn)
 y - a +2 kite shield of cold resistance (worn)
 N - a +2 robe of the Archmagi
 O - a +0 pair of gloves (worn)
Magical Staves
 a - a staff of cold
 b - a staff of earth (weapon)
Jewellery
 c - the ring of Ryhodeut (left hand) {rF++ Str+2 Int+6 SInv}
   (You acquired it on level 5 of the Dungeon)

   [ring of intelligence]

   Str:       It affects your strength (+2).
   Int:       It affects your intelligence (+6).
   rF:        It greatly protects you from fire.
   SInv:      It lets you see invisible.
 g - a ring of ice
 h - the ring of the Devil's Team {rElec rCorr}
   (You acquired it on level 5 of the Dungeon)

   [ring of resist corrosion]

   rElec:     It insulates you from electricity.
   rCorr:     It protects you from acid and corrosion.
 i - a +6 ring of intelligence (right hand)
 E - an amulet of regeneration (around neck)
 M - a ring of fire
 R - the ring of Innaawes {rElec rN+ Str+4 Dex-5}
   (You found it in the Desolation of Salt)

   [ring of positive energy]

   Str:       It affects your strength (+4).
   Dex:       It affects your dexterity (-5).
   rElec:     It insulates you from electricity.
   rN:        It protects you from negative energy.
Wands
 l - a wand of digging (10)
 p - a wand of flame (120)
 A - a wand of roots (26)
 L - a wand of acid (8)
Scrolls
 f - 31 scrolls of teleportation
 j - 5 scrolls of fog
 k - 8 scrolls of fear
 s - 3 scrolls of summoning
 z - a scroll of enchant armour
 C - 5 scrolls of poison
 H - 4 scrolls of magic mapping
 K - 5 scrolls of blinking
 U - 2 scrolls of immolation
Potions
 e - 13 potions of heal wounds
 m - 8 potions of haste
 n - 8 potions of ambrosia
 o - 5 potions of lignification
 q - 2 potions of cancellation
 r - 4 potions of brilliance
 t - 6 potions of resistance
 u - 6 potions of mutation
 v - 23 potions of curing
 F - 3 potions of invisibility
Miscellaneous
 G - a box of beasts
 I - a tin of tremorstones (2/2)
 P - a condenser vane
 Q - a phantom mirror
 V - a lightning rod (4/4)


   Skills:
 * Level 21.9 Fighting
 - Level 5.0 Maces & Flails
 + Level 17.0 Dodging
 - Level 1.5 Stealth
 + Level 14.9 Shields
 - Level 5.0 Unarmed Combat
 * Level 17.6 Spellcasting
 - Level 10.4 Invocations
 + Level 10.0 Evocations


You couldn't memorise any spells.
You knew the following spells:

 Your Spells              Type           Power      Damage    Failure   Level
a - Ozocubu's Armour      Ice            100%       N/A       0%          3
b - Iskenderun's Battles  Conj           100%       2d15      1%          5
d - Magic Dart            Conj           100%       1d8       0%          1
e - Enfeeble              Hex            52%        N/A       1%          7
f - Freeze                Ice            100%       1d11      0%          1
h - Hailstorm             Conj/Ice       100%       3d20      1%          4
i - Iron Shot             Conj/Erth      64%        9d12      1%          6
l - Lehudib's Crystal Sp  Conj/Erth      64%        10d15     12%         8
p - Ignite Poison         Fire/Tmut/Pois 100%       N/A       0%          3
r - Frozen Ramparts       Ice            100%       1d16      0%          3
s - Spellforged Servitor  Conj/Summ      52%        N/A       1%          7
t - Blink                 Tloc           100%       N/A       0%          2
D - Dragon Form           Tmut           52%        N/A       1%          7
H - Blade Hands           Tmut           52%        N/A       1%          5
Z - Dazzling Flash        Conj/Hex       100%       N/A       0%          3
Your spell library was empty.

Dungeon Overview and Level Annotations

Branches:
Dungeon (15/15)            Temple (1/1) D:7            Lair (5/5) D:11
  Swamp (4/4) Lair:3        Snake (4/4) Lair:2        Slime (0/5) Lair:5
    Orc (2/2) D:11            Elf (2/3) Orc:2        Vaults (4/5) D:13
  Crypt (0/3) Vaults:3     Depths (2/4) D:15        Desolation (visited)

Altars:
Ashenzari
Cheibriados
Dithmenos
Elyvilon
Fedhas
Gozag
Hepliaklqana
Makhleb
Nemelex Xobeh
Okawaru
Qazlal
Ru
Trog
Uskayaw
Wu Jian
Xom
Yredelemnul
Zin
The Shining One
Jiyva

Shops:
Orc:2 (?[*   Snake:1 =:=   Snake:3 *   Vaults:1 =(   Vaults:4 :

Portals:
Hell: Depths:1
Pandemonium: Depths:2
Ziggurat: Depths:2

Annotations:
Depths:2 1 runed translucent door


Innate Abilities, Weirdness & Mutations

You are immune to sickness and miasma.
You are immune to poison.
Your flesh is very heat resistant. (rF++)
You are vulnerable to cold. (rC-)
You float through the air rather than walking.
You learn spells naturally, not from books.
Your magical power is your life essence.
You have superior vitality. (+4 MHP)


Message History

Found two runed doors.
The frost giant shouts!
The stone giant shouts!
You reach down and open the door.
Casting: Iron Shot (mildly dangerous; 1% risk of failure)
Confirm with . or Enter, or press ? or * to list all spells.
A film of ice covers your body! The frost giant casts a spell at you.
The bolt of cold hits you!!!
Casting: Ozocubu's Armour (safe; 0% risk of failure)
Confirm with . or Enter, or press ? or * to list all spells.
Aiming: Lehudib's Crystal Spear (dangerous; 12% risk of failure)
Press: ? - help, Shift-Dir - straight line, f - frost giant
Aim: a frost giant, wielding a +2 battleaxe of freezing (98% to hit)
You feel a surge of power!
You miscast Lehudib's Crystal Spear.
You are very lightly contaminated with residual magic.
Strange energies run through your body!!
The frost giant gestures at you while chanting.
The bolt of cold hits you!
Casting: Lehudib's Crystal Spear (dangerous; 12% risk of failure)
Confirm with . or Enter, or press ? or * to list all spells.
Aiming: Lehudib's Crystal Spear (dangerous; 12% risk of failure)
Press: ? - help, Shift-Dir - straight line, f/p - frost giant
Aim: a frost giant, wielding a +2 battleaxe of freezing (98% to hit)
You feel a surge of power!
The crystal spear hits the frost giant!!!!
The frost giant is severely wounded.
The frost giant hits you with a +2 battleaxe of freezing!!
The frost giant freezes you!
Casting: Lehudib's Crystal Spear (dangerous; 12% risk of failure)
Confirm with . or Enter, or press ? or * to list all spells.
Aiming: Lehudib's Crystal Spear (dangerous; 12% risk of failure)
Press: ? - help, Shift-Dir - straight line, f/p - frost giant
Aim: a frost giant, wielding a +2 battleaxe of freezing (severely wounded, 98% to hit)
You feel a surge of power!
You miscast Lehudib's Crystal Spear.
You are lightly contaminated with residual magic.
A wave of violent energy washes through your body!!
* * * LOW HITPOINT WARNING * * *
x2 The frost giant casts a spell at you.
The bolt of cold hits you!!!
You die...

#...# # #..# #..#
#...# ##.## ##..
#...# #..# #.. #
#...# ###.## ##.
#. #...####...#
#.
##.#####.##...###
##
#....###..∩.###
#....##...#####
#...^...###@CC#
##....####.##'##
#..##'..#.#...#
#....###..#...#
#......#####+##
#.####...###..#
#.######...###.
#....#####...###
#######..#..#
###...#


You could see a frost giant and a stone giant.

Vanquished Creatures
  Mara (Vaults:2)
  Boris (twice) (Vaults:3 Depths:2)
  Nikola (Vaults:2)
  A hellephant (Vaults:3)
  A deep elf blademaster (Elf:2)
  Asterion (Vaults:3)
  3 sphinxes (Vaults:2)
  The ghost of Soborki the Impregnable, an adept MiBe of Trog (Snake:2)
  Gastronok (Lair:2)
  2 thorn hunters (Swamp:4)
  4 storm dragons
  The ghost of Stonecrops the Fighter, an adept DsGl of Dithmenos (Snake:2)
  The ghost of flestrin the Lord of Darkness, an adept DsNe of Kikubaaqudgha (Snake:2)
  A nagaraja (Snake:4)
  2 frost giants (Depths:1)
  2 fire giants (Depths:1)
  2 fenstrider witches
  The ghost of Plasmagod the Eclecticist, an adept DECj of Vehumet (Snake:2)
  2 orc warlords
  Aizul (Depths:1)
  An imperial myrmidon (Desolation)
  A cacodemon (D:11)
  16 vault wardens
  A hydra skeleton (Swamp:4)
  The ghost of Zero the Arsonist, a journeyman GrIE of Sif Muna (Orc:2)
  11 ironbound preservers
  4 stone giants
  A very ugly thing (Vaults:2)
  5 ironbound thunderhulks
  The ghost of gdask the Severer, a journeyman MiBe of Trog (Lair:5)
  2 vampire knights (Swamp:4)
  4 deep elf demonologists
  A bunyip (Swamp:3)
  2 entropy weavers
  2 dire elephants
  The ghost of jur the Thaumaturge, a journeyman MeEE of Okawaru (Lair:3)
  4 eleionomae
  A halazid warlock (Desolation)
  3 minotaurs
  A deep elf death mage (Elf:1)
  Josephine (Orc:2)
  8 ettins
  4 crystal guardians
  6 shambling mangroves
  7 yaktaur captains
  2 fire dragons
  Harold (Orc:1)
  4 great orbs of eyes
  6 ragged hierophants
  A deep elf high priest (Vaults:2)
  Fannar (D:11)
  A vault guard (Vaults:4)
  5 salamander tyrants (Snake:4)
  3 servants of whispers (Desolation)
  5 boulder beetles
  19 hydras
  5 peacekeepers
  5 ogre magi
  An ice dragon (Elf:1)
  3 rakshasas
  5 catoblepae
  2 ghost crabs
  11 anacondas
  3 centaur warriors
  2 spriggan air magi
  21 two-headed ogres
  8 ironbound frosthearts
  Erica (Lair:1)
  25 dancing weapons
  A two-headed ogre (shapeshifter) (D:12)
  9 death yaks
  17 naga warriors
  A tengu warrior (Depths:2)
  5 alligators
  3 orc high priests
  The ghost of Sekuso the Fighter, a novice OpAr of Okawaru (D:8)
  4 shock serpents
  5 spriggan berserkers (Depths:1)
  11 naga sharpshooters
  14 hell knights
  13 deep elf knights
  Nergalle (D:12)
  4 skeletal warriors (D:11)
  6 salamander mystics
  9 goliath frogs
  4 spriggan druids
  4 spriggans
  2 glowing orange brains
  7 naga ritualists
  23 deep trolls
  12 swamp dragons
  18 ironbound convokers
  4 spectral hydras (Swamp:4)
  A bog body (Swamp:4)
  A flayed ghost (Swamp:4)
  6 deep elf archers (Elf:1)
  5 lindwurms
  A shadow dragon skeleton (Vaults:4)
  20 deep elf zephyrmancers
  Pikel (D:7)
  10 wizards
  13 deep elf pyromancers
  4 necromancers
  2 human zombies (Vaults:4)
  3 oklob plants (Swamp:4)
  16 mana vipers
  A phantasmal warrior (Vaults:1)
  4 harpies (Vaults:1)
  3 orc knights
  A stone giant zombie (Vaults:3)
  25 ugly things
  4 cyclopes
  An orc sorcerer (D:13)
  5 will-o-the-wisps
  A wolf spider (D:15)
  20 salamanders
  A human skeleton (Vaults:4)
  5 manticores
  A moth of wrath (D:8)
  29 slime creatures
  6 elephants (Lair:4)
  8 guardian serpents
  44 black mambas
  11 naga magi
  2 molten gargoyles (Desolation)
  Joseph (D:7)
  14 vault sentinels
  An elf skeleton (Vaults:3)
  3 gargoyles
  A cane toad (shapeshifter) (D:15)
  An unseen horror (D:11)
  5 komodo dragons
  2 ice devils (Lair:3)
  8 cane toads
  2 efreet (D:15)
  26 yaktaurs
  A kobold demonologist (D:10)
  4 rime drakes
  5 tengu conjurers
  A death drake zombie (Swamp:4)
  2 hydra zombies (Swamp:4)
  4 bloated husks
  8 tyrant leeches
  2 polar bears
  5 trolls
  The ghost of paps the Ducker, an amateur DsGl (D:4)
  39 saltlings
  Prince Ribbit (D:6)
  2 death drake skeletons (Swamp:4)
  13 hornets
  A tarantella (shapeshifter) (Depths:1)
  6 blink frogs
  A raiju (shapeshifter) (D:12)
  A dream sheep (Lair:4)
  A shadow (D:9)
  2 air elementals
  A culicivora (Vaults:2)
  10 water elementals
  4 wyverns
  4 vampires
  43 yaks
  A basilisk (D:15)
  8 wraiths
  3 fire elementals
  3 steam dragons
  2 hogs (shapeshifter)
  Eustachio (D:4)
  3 redbacks
  15 vampire mosquitoes
  A neqoxec (D:11)
  49 nagas
  Edmund (D:6)
  2 nagas (shapeshifter) (D:11)
  A harpy simulacrum (D:15)
  19 swamp worms
  A warg (Orc:1)
  3 acid dragons
  11 water moccasins
  2 hydra simulacra (Swamp:4)
  Duvessa (D:5)
  5 swamp drakes
  3 black bears
  A meliai simulacrum (D:14)
  34 orc warriors
  2 ice beasts
  2 swamp dragon zombies (Swamp:4)
  10 centaurs
  27 ogres
  2 swamp dragon skeletons (Swamp:4)
  4 wolves (Lair:5)
  A phantom (D:4)
  A lemure (D:7)
  4 kobold brigands (D:10)
  9 bullfrogs
  A gnoll sergeant (D:10)
  An ogre simulacrum (Vaults:3)
  4 scorpions
  3 earth elementals
  4 wights (D:6)
  2 hornet simulacra (D:5)
  Dowan (D:5)
  10 killer bees
  A nameless horror (D:15)
  4 howler monkeys
  7 electric eels
  A crimson imp (Orc:2)
  A jelly (D:7)
  2 gnoll boudas
  Crazy Yiuf (D:2)
  18 orc priests
  A hound (D:6)
  An iron imp (Orc:2)
  3 iguanas
  Ijyb (D:4)
  6 hell rats (Lair:4)
  Natasha (thrice) (D:2)
  27 orc wizards
  2 bullfrog simulacra (D:5)
  22 gnolls
  3 adders
  6 river rats
  A river rat (shapeshifter) (D:11)
  2 shadow imps
  2 white imps
  A worm (D:3)
  3 dart slugs
  88 orcs
  5 endoplasms
  5 giant cockroaches
  10 goblins
  6 hobgoblins
  3 jackals (D:1)
  18 kobolds
  3 quokkas
  6 ball pythons
  4 bats
  3 frilled lizards
  9 rats
1456 creatures vanquished.

Vanquished Creatures (collateral kills)
  Boris (Vaults:4)
  A hellephant (Vaults:3)
  A vault warden (Vaults:4)
  2 ironbound preservers
  A stone giant (Vaults:1)
  A halazid warlock (Desolation)
  An ettin (Vaults:1)
  A crystal guardian (Vaults:1)
  A great orb of eyes (Vaults:4)
  A ragged hierophant (Desolation)
  2 servants of whispers (Desolation)
  2 peacekeepers
  The ghost of BritishOli the Fighter, a journeyman DsGl of Okawaru (D:11)
  A salamander tyrant (Snake:4)
  An ironbound frostheart (Vaults:1)
  2 dancing weapons (Elf:2)
  A death yak (Lair:4)
  A naga warrior (Snake:4)
  A hell knight (Vaults:3)
  A deep elf knight (Elf:2)
  A salamander mystic (Snake:4)
  3 deep trolls
  An ironbound convoker (Desolation)
  A deep elf zephyrmancer (Elf:2)
  A wizard (Vaults:3)
  3 deep elf pyromancers (Elf:2)
  A salamander (shapeshifter) (Vaults:1)
  12 ugly things
  2 salamanders (Snake:4)
  A cyclops (Orc:2)
  3 vault sentinels
  A guardian serpent (Desolation)
  2 naga magi (Snake:4)
  A torpor snail (Lair:4)
  A yaktaur (Vaults:4)
  7 saltlings (Desolation)
  2 slime creatures
  An ettin skeleton (Vaults:4)
  A vampire mosquito (D:15)
  8 nagas (Snake:4)
  A bullfrog (shapeshifter) (D:11)
  An orc priest (D:13)
79 creatures vanquished.

Vanquished Creatures (others)
  An elephant (D:11)
  The ghost of chipmonk the Trooper, a novice MiBe of Trog (D:5)
  A bloated husk (Swamp:2)
  4 orcs (D:8)
  9 foxfires
  28 fungi
  72 plants
  2 withered plants (Snake:2)
118 creatures vanquished.

Grand Total: 1653 creatures vanquished

Notes
Turn   | Place    | Note
-------+----------+-------------------------------------------
     0 | D:1      | Majang the Djinni Ice Elementalist began the quest for the
                  | Orb.
     0 | D:1      | Majang set off with the following spells memorised: Freeze,
                  | Frozen Ramparts, Ozocubu's Armour, Hailstorm.
     0 | D:1      | Reached XP level 1. HP: 15/15 MP: 0/0
   335 | D:1      | Reached XP level 2. HP: 13/22 MP: 0/0
   337 | D:1      | Reached skill level 1 in Fighting
  1024 | D:1      | Reached XP level 3. HP: 24/27 MP: 0/0
  1024 | D:1      | Learned a level 1 spell: Magic Dart
  1209 | D:2      | Found a faded altar of an unknown god.
  1501 | D:2      | Reached skill level 2 in Fighting
  1636 | D:2      | Noticed Natasha
  1639 | D:2      | Killed Natasha
  1640 | D:2      | Reached XP level 4. HP: 29/34 MP: 0/0
  1776 | D:2      | Found a runed translucent door.
  1777 | D:2      | Noticed Crazy Yiuf
  1787 | D:2      | Killed Crazy Yiuf
  2171 | D:2      | Noticed Natasha
  2173 | D:2      | Killed Natasha
  2174 | D:2      | Reached skill level 3 in Fighting
  2174 | D:2      | Reached XP level 5. HP: 32/40 MP: 0/0
  2174 | D:2      | Learned a level 2 spell: Blink
  2206 | D:2      | Noticed Natasha
  2213 | D:2      | Killed Natasha
  3221 | D:3      | Reached XP level 6. HP: 44/46 MP: 0/0
  3805 | D:4      | Found a runed translucent door.
  3811 | D:4      | Noticed paps's ghost (amateur DsGl)
  3894 | D:4      | Noticed Eustachio
  3904 | D:4      | Killed Eustachio
  3905 | D:4      | Reached skill level 4 in Fighting
  4225 | D:4      | Reached skill level 5 in Spellcasting
  4225 | D:4      | Reached XP level 7. HP: 42/53 MP: 0/0
  4225 | D:4      | Learned a level 3 spell: Dazzling Flash
  4353 | D:4      | Noticed Ijyb
  4368 | D:4      | Killed Ijyb
  5528 | D:5      | Entered Level 5 of the Dungeon
  5590 | D:5      | Identified 2 scrolls of acquirement
  5590 | D:5      | Acquired the ring of Ryhodeut {rF++ Str+2 Int+6 SInv}
  5593 | D:5      | Acquired the ring of the Devil's Team {rElec rCorr}
  5886 | D:5      | Reached skill level 5 in Fighting
  6002 | D:5      | Reached skill level 1 in Evocations
  6160 | D:5      | Reached skill level 1 in Maces & Flails
  6160 | D:5      | Reached XP level 8. HP: 29/60 MP: 0/0
  6331 | D:5      | Found a runed translucent gate.
  6331 | D:5      | Found a runed translucent gate.
  6331 | D:5      | Found a runed translucent gate.
  6338 | D:5      | Noticed Dowan
  6339 | D:5      | Noticed Duvessa
  6345 | D:5      | Killed Dowan
  6351 | D:5      | Killed Duvessa
  6592 | D:5      | Noticed chipmonk's ghost (novice MiBe)
  7065 | D:6      | Noticed Edmund
  7070 | D:6      | Killed Edmund
  7087 | D:6      | Reached skill level 6 in Fighting
  7501 | D:6      | Noticed Prince Ribbit
  7513 | D:6      | Killed Prince Ribbit
  7514 | D:6      | Reached XP level 9. HP: 44/67 MP: 0/0
  7514 | D:6      | Learned a level 3 spell: Ignite Poison
  7637 | D:6      | Found a sparkling altar of Nemelex Xobeh.
  8143 | D:7      | Noticed Joseph
  8201 | D:7      | Reached skill level 7 in Fighting
  8490 | D:7      | Noticed Pikel
  8496 | D:7      | Killed Pikel
  8523 | D:7      | Killed Joseph
  8524 | D:7      | Reached XP level 10. HP: 37/76 MP: 0/0
  8724 | D:7      | Reached skill level 5 in Dodging
  8891 | D:7      | Found an ornate altar of the Wu Jian Council.
  9052 | D:7      | Found a staircase to the Ecumenical Temple.
  9061 | Temple   | Entered the Ecumenical Temple
  9152 | D:7      | Reached skill level 8 in Fighting
  9206 | D:7      | Noticed a two-headed ogre
  9222 | D:7      | Killed a two-headed ogre
  9928 | D:8      | Found a transporter.
  9931 | D:8      | Noticed a two-headed ogre
  9937 | D:8      | Found a transporter.
  9940 | D:8      | Noticed a moth of wrath
  9942 | D:8      | Found a bloodstained altar of Trog.
  9949 | D:8      | Noticed Sekuso's ghost (novice OpAr)
 10233 | D:8      | Found a sacrificial altar of Ru.
 10356 | D:8      | Identified the +5 rapier of Evil {antimagic, rElec}
 10407 | D:8      | Noticed a cyan ugly thing
 10528 | D:8      | Found a burning altar of Makhleb.
 10538 | D:8      | Became a worshipper of Makhleb the Destroyer
 10902 | D:9      | Noticed a four-headed hydra
 10909 | D:9      | Killed a four-headed hydra
 10910 | D:9      | Reached skill level 1 in Shields
 10910 | D:9      | Reached skill level 5 in Evocations
 11096 | D:9      | Found a glowing silver altar of Zin.
 11111 | D:9      | Reached XP level 11. HP: 66/82 MP: 0/0
 11111 | D:9      | Learned a level 5 spell: Blade Hands
 11112 | D:9      | Reached skill level 9 in Fighting
 11391 | D:9      | Found a broken altar of Ashenzari.
 11523 | D:9      | Noticed a two-headed ogre
 11542 | D:9      | Killed a two-headed ogre
 11808 | D:9      | Noticed a two-headed ogre
 11815 | D:9      | Killed a two-headed ogre
 12099 | D:9      | Upgraded the game from 0.29-a0-1009-g60c99734e7 to
                  | 0.29-a0-1014-ga8c0faee3b
 12109 | D:10     | Entered Level 10 of the Dungeon
 12421 | D:10     | You are sucked into a shaft and drop 1 floor!
 12449 | D:11     | Reached * piety under Makhleb
 12474 | D:11     | Reached skill level 1 in Unarmed Combat
 12896 | D:11     | Noticed a skeletal warrior
 13429 | D:10     | Reached skill level 5 in Maces & Flails
 13451 | D:10     | Reached skill level 10 in Fighting
 13611 | D:10     | Noticed a two-headed ogre
 13646 | D:10     | Killed a two-headed ogre
 13647 | D:10     | Reached XP level 12. HP: 78/91 MP: 0/0
 14374 | D:4      | Killed paps's ghost
 14590 | D:8      | Killed Sekuso's ghost
 14591 | D:8      | Reached skill level 1 in Invocations
 14803 | D:8      | Reached ** piety under Makhleb
 14855 | D:8      | Killed a two-headed ogre
 14996 | D:11     | Found a runed translucent gate.
 14996 | D:11     | Found a runed translucent gate.
 14996 | D:11     | Found a runed translucent gate.
 14997 | D:11     | Noticed a glowing orange brain
 15033 | D:11     | Noticed Fannar
 15047 | D:11     | Killed Fannar
 15276 | D:11     | Found a staircase to the Lair.
 15835 | D:11     | Found a staircase to the Orcish Mines.
 16365 | D:11     | Noticed a skeletal warrior
 16366 | D:11     | Noticed a skeletal warrior
 16370 | D:11     | Noticed a skeletal warrior
 16382 | Lair:1   | Entered Level 1 of the Lair of Beasts
 16511 | Lair:1   | Noticed Erica
 16525 | Lair:1   | Killed Erica
 16838 | Lair:1   | Noticed a catoblepas
 16851 | Lair:1   | Killed a catoblepas
 16852 | Lair:1   | Reached skill level 11 in Fighting
 17460 | Lair:2   | Found a staircase to the Snake Pit.
 17530 | Lair:2   | Noticed a seven-headed hydra
 17537 | Lair:2   | Killed a seven-headed hydra
 17538 | Lair:2   | Reached XP level 13. HP: 81/99 MP: 0/0
 17538 | Lair:2   | Learned a level 5 spell: Iskenderun's Battlesphere
 18054 | Lair:2   | Noticed Gastronok
 18078 | Lair:2   | Killed Gastronok
 18079 | Lair:2   | Reached skill level 5 in Shields
 18940 | Lair:2   | Upgraded the game from 0.29-a0-1014-ga8c0faee3b to
                  | 0.29-a0-1023-g6ae1a4a2c7
 19036 | Lair:3   | Found a frozen archway.
 19049 | Lair:3   | Reached *** piety under Makhleb
 19514 | Lair:3   | Found a staircase to the Swamp.
 20005 | Lair:3   | Found a runed translucent door.
 20010 | Lair:3   | Noticed jur's ghost (journeyman MeEE)
 20021 | Lair:3   | Killed jur's ghost
 20134 | Lair:3   | Upgraded the game from 0.29-a0-1023-g6ae1a4a2c7 to
                  | 0.30-a0-1-g69b7b797bf
 20157 | Lair:4   | Noticed a four-headed hydra
 20164 | Lair:4   | Killed a four-headed hydra
 20462 | Lair:4   | Noticed a catoblepas
 20478 | Lair:4   | Killed a catoblepas
 20479 | Lair:4   | Reached skill level 10 in Spellcasting
 20692 | Lair:4   | Reached skill level 12 in Fighting
 20694 | Lair:4   | Reached skill level 5 in Unarmed Combat
 21287 | Lair:4   | Reached **** piety under Makhleb
 21678 | Lair:4   | Reached XP level 14. HP: 93/108 MP: 0/0
 22087 | Lair:4   | Upgraded the game from 0.30-a0-1-g69b7b797bf to
                  | 0.30-a0-4-ga7cffc901d
 22119 | Lair:5   | Entered Level 5 of the Lair of Beasts
 22233 | Lair:5   | Found a viscous altar of Jiyva.
 22239 | Lair:5   | Found a staircase to the Slime Pits.
 22329 | Lair:5   | Reached skill level 5 in Invocations
 22880 | Lair:5   | Acquired 727 gold pieces
 23061 | Lair:5   | Found a large runed translucent door.
 23062 | Lair:5   | Found a large runed translucent door.
 23064 | Lair:5   | Noticed gdask's ghost (journeyman MiBe)
 23324 | Lair:5   | Reached skill level 13 in Fighting
 23728 | Orc:1    | Entered Level 1 of the Orcish Mines
 23761 | Orc:2    | Entered Level 2 of the Orcish Mines
 23769 | Orc:2    | Found a staircase to the Elven Halls.
 23820 | Orc:2    | Noticed Josephine
 23829 | Orc:2    | Killed Josephine
 24073 | Orc:2    | Reached ***** piety under Makhleb
 24083 | Orc:2    | Reached skill level 10 in Dodging
 24088 | Orc:2    | Reached XP level 15. HP: 58/115 MP: 0/0
 24088 | Orc:2    | Learned a level 6 spell: Iron Shot
 24315 | Orc:2    | Found Eperoa's General Store.
 24315 | Orc:2    | Found Ynokhepre's Antique Armour Shoppe.
 24323 | Orc:2    | Found Gerad's Weapon Shop.
 24323 | Orc:2    | Found Bohip's Magic Scroll Shoppe.
 24335 | Orc:2    | Bought a scroll of poison for 52 gold pieces
 24335 | Orc:2    | Bought a scroll of summoning for 123 gold pieces
 24335 | Orc:2    | Bought a scroll of blinking for 97 gold pieces
 24335 | Orc:2    | Bought a scroll of blinking for 97 gold pieces
 24335 | Orc:2    | Bought a scroll of identify for 26 gold pieces
 24337 | Orc:2    | Bought a scroll of acquirement for 832 gold pieces
 24337 | Orc:2    | Bought a wand of roots (6) for 230 gold pieces
 24338 | Orc:2    | Acquired the +7 eveningstar of the Fresh God {drain, rElec
                  | rPois rC+ Str+2}
 24470 | Orc:2    | Found a runed translucent gate.
 24470 | Orc:2    | Found a runed translucent gate.
 24470 | Orc:2    | Found a runed translucent gate.
 24667 | Orc:2    | Identified the +0 hat "Joklerph" {Rampage rF+ Slay+2}
 24678 | Orc:2    | Reached skill level 14 in Fighting
 24906 | Orc:2    | Noticed Zero's ghost (journeyman GrIE)
 25132 | Orc:1    | Noticed an orc warlord
 25137 | Orc:1    | Noticed Harold
 25144 | Orc:1    | Killed an orc warlord
 25146 | Orc:1    | Killed Harold
 25146 | Orc:1    | Reached ****** piety under Makhleb
 25949 | D:11     | Upgraded the game from 0.30-a0-4-ga7cffc901d to
                  | 0.30-a0-5-g3a90980b9d
 25992 | D:11     | Found a runed translucent gate.
 25992 | D:11     | Found a runed translucent gate.
 25995 | D:11     | Noticed a cacodemon
 25996 | D:11     | Noticed BritishOli's ghost (journeyman DsGl)
 25997 | D:11     | Found a runed translucent gate.
 26149 | D:5      | Killed chipmonk's ghost
 26611 | D:12     | Reached XP level 16. HP: 116/124 MP: 0/0
 26618 | D:12     | Noticed Nergalle
 26622 | D:12     | Killed Nergalle
 27186 | Swamp:1  | Entered Level 1 of the Swamp
 27717 | Swamp:2  | Reached skill level 15 in Fighting
 27801 | Swamp:2  | Noticed a fenstrider witch
 27810 | Swamp:2  | Killed a fenstrider witch
 28781 | Swamp:3  | Reached XP level 17. HP: 132/132 MP: 0/0
 28781 | Swamp:3  | Learned a level 7 spell: Enfeeble
 29288 | Swamp:4  | Entered Level 4 of the Swamp
 29316 | Swamp:4  | Identified the +6 mace of the Pits of Slime {spect, rC+}
 29500 | Swamp:4  | Reached skill level 16 in Fighting
 29599 | Swamp:4  | Reached skill level 10 in Shields
 29699 | Swamp:4  | Noticed a thorn hunter
 29708 | Swamp:4  | Killed a thorn hunter
 29777 | Swamp:4  | Found a basalt altar of Yredelemnul.
 29791 | Swamp:4  | Got a decaying rune of Zot
 29822 | Swamp:4  | Noticed a thorn hunter
 29827 | Swamp:4  | Killed a thorn hunter
 29851 | Swamp:4  | Found a blossoming altar of Fedhas.
 30207 | Snake:1  | Entered Level 1 of the Snake Pit
 30207 | Snake:1  | You are sucked into a shaft and drop 1 floor!
 30420 | Snake:1  | Found Inotoara's Jewellery Shop.
 30421 | Snake:1  | Found Sofy's Book Emporium.
 30422 | Snake:1  | Found Puasteuta's Jewellery Shop.
 30547 | Snake:1  | Reached XP level 18. HP: 138/141 MP: 0/0
 30770 | Snake:1  | Found a sparkling altar of Nemelex Xobeh.
 31168 | Snake:2  | Found a runed translucent gate.
 31168 | Snake:2  | Found a runed translucent gate.
 31168 | Snake:2  | Found a runed translucent gate.
 31171 | Snake:2  | Noticed Plasmagod's ghost (adept DECj)
 31171 | Snake:2  | Noticed Soborki's ghost (adept MiBe)
 31172 | Snake:2  | Noticed flestrin's ghost (adept DsNe)
 31172 | Snake:2  | Noticed Stonecrops's ghost (adept DsGl)
 31235 | Snake:2  | Reached skill level 10 in Invocations
 31531 | Snake:2  | Reached skill level 17 in Fighting
 32077 | Snake:3  | Found Lythreruv's Assorted Antiques.
 32371 | Snake:3  | Upgraded the game from 0.30-a0-5-g3a90980b9d to
                  | 0.30-a0-7-g94fe547ab8
 32395 | Snake:4  | Entered Level 4 of the Snake Pit
 33072 | Snake:4  | Reached XP level 19. HP: 147/148 MP: 0/0
 33072 | Snake:4  | Learned a level 7 spell: Spellforged Servitor
 33544 | Snake:4  | Identified the +2 long sword "Newtslayer" {drain, +Blink
                  | rC+}
 33680 | Snake:4  | Reached skill level 18 in Fighting
 33955 | Snake:4  | Got a serpentine rune of Zot
 34319 | D:11     | Killed BritishOli's ghost
 34787 | D:13     | Found a gate to the Vaults.
 35420 | D:14     | Identified the +7 plate armour "Cunutokk" {Stlth+}
 35853 | D:15     | Entered Level 15 of the Dungeon
 35985 | D:15     | Reached skill level 15 in Spellcasting
 36020 | D:15     | Identified the +5 war axe of Domination {freeze, rElec rF++
                  | Will+++ Stlth-}
 36499 | D:15     | Reached XP level 20. HP: 127/158 MP: 0/0
 36525 | D:15     | Found a staircase to the Depths.
 36736 | Elf:1    | Entered Level 1 of the Elven Halls
 37446 | Elf:1    | Noticed a Brimstone Fiend
 37453 | Elf:1    | Noticed an Ice Fiend
 37738 | Elf:1    | Reached skill level 19 in Fighting
 37779 | Elf:1    | Found a runed translucent gate.
 37779 | Elf:1    | Found a runed translucent gate.
 37779 | Elf:1    | Found a runed translucent gate.
 37779 | Elf:1    | Found a runed translucent gate.
 37779 | Elf:1    | Found a runed translucent gate.
 37780 | Elf:1    | Found a runed translucent gate.
 38116 | Elf:2    | Paralysed by an air elemental for 1 turns
 38246 | Elf:2    | Found a runed translucent gate.
 38247 | Elf:2    | Found a runed translucent gate.
 38247 | Elf:2    | Found a runed translucent gate.
 39122 | Elf:2    | Reached skill level 15 in Dodging
 39362 | Orc:2    | Killed Zero's ghost
 39654 | Lair:5   | Killed gdask's ghost
 39867 | Vaults:1 | Entered Level 1 of the Vaults
 39995 | Vaults:1 | Found a crumbling gateway.
 40017 | Desolati | Entered the Desolation of Salt
 40032 | Desolati | Reached XP level 21. HP: 162/166 MP: 0/0
 40032 | Desolati | Learned a level 7 spell: Dragon Form
 40412 | Desolati | Identified the ring of Innaawes {rElec rN+ Str+4 Dex-5}
 40416 | Desolati | Identified the +5 leather armour of Hairiness {rElec rPois
                  | Int+4}
 40438 | Desolati | Identified the ring of Kuesah {Fly Str+3}
 40656 | Desolati | Identified the ring "Cuabuacw" {rC- Will+ Str+7 Int+3
                  | Stlth+}
 40658 | Desolati | Identified the ring "Utogidgh" {rN+ Dex+6}
 40661 | Desolati | Identified the +8 long sword of Agony {flame, rN+ MP+9
                  | Str+4 Int-2}
 41002 | Vaults:1 | Found Tysamino's Weapon Emporium.
 41151 | Vaults:1 | Reached skill level 20 in Fighting
 41175 | Vaults:1 | Found Bietas's Jewellery Shop.
 42226 | Vaults:1 | Upgraded the game from 0.30-a0-7-g94fe547ab8 to
                  | 0.30-a0-21-g5d08c37080
 42373 | Vaults:2 | Reached XP level 22. HP: 116/176 MP: 0/0
 42691 | Vaults:2 | Identified the +3 leather armour of Nuqicvuc {rC- Str+4
                  | Int+4}
 42740 | Vaults:2 | Noticed Mara
 42744 | Vaults:2 | Killed Mara
 43177 | Vaults:2 | Noticed Nikola
 43184 | Vaults:2 | Killed Nikola
 43916 | Vaults:3 | Found a huge runed gate.
 43916 | Vaults:3 | Found a huge runed gate.
 43916 | Vaults:3 | Found a huge runed gate.
 43916 | Vaults:3 | Found a huge runed gate.
 43917 | Vaults:3 | Found a huge runed gate.
 43917 | Vaults:3 | Found a huge runed gate.
 43917 | Vaults:3 | Found a huge runed gate.
 43917 | Vaults:3 | Found a huge runed gate.
 44029 | Vaults:3 | Reached skill level 21 in Fighting
 44102 | Vaults:3 | Found a staircase to the Crypt.
 44103 | Vaults:3 | Found a basalt altar of Yredelemnul.
 44211 | Vaults:3 | Noticed Asterion
 44216 | Vaults:3 | Killed Asterion
 44738 | Vaults:3 | Noticed Boris
 44745 | Vaults:3 | Killed Boris
 45266 | Vaults:4 | Reached XP level 23. HP: 176/184 MP: 0/0
 45266 | Vaults:4 | Learned a level 8 spell: Lehudib's Crystal Spear
 45285 | Vaults:4 | Noticed Boris
 45290 | Vaults:4 | Killed Boris
 45298 | Vaults:4 | Paralysed by a great orb of eyes for 4 turns
 45815 | Vaults:4 | Found Daapudex's Book Shop.
 46626 | Snake:2  | Killed flestrin's ghost
 46627 | Snake:2  | Killed Stonecrops's ghost
 46631 | Snake:2  | Killed Soborki's ghost
 46635 | Snake:2  | Killed Plasmagod's ghost
 47081 | Depths:1 | Entered Level 1 of the Depths
 47081 | Depths:1 | Found a huge runed gate.
 47081 | Depths:1 | Found a huge runed gate.
 47081 | Depths:1 | Found a huge runed gate.
 47081 | Depths:1 | Found a huge runed gate.
 47082 | Depths:1 | Found a huge runed gate.
 47082 | Depths:1 | Found a huge runed gate.
 47083 | Depths:1 | Found a huge runed gate.
 47083 | Depths:1 | Noticed Aizul
 47097 | Depths:1 | Killed Aizul
 47120 | Depths:1 | Found a huge runed gate.
 47122 | Depths:1 | Found a huge runed gate.
 47125 | Depths:1 | Found a huge runed gate.
 47126 | Depths:1 | Found a huge runed gate.
 47127 | Depths:1 | Found a huge runed gate.
 47128 | Depths:1 | Found a huge runed gate.
 47136 | Depths:1 | Found a huge runed gate.
 47137 | Depths:1 | Found a huge runed gate.
 47261 | Depths:1 | Found a gateway to Hell.
 47542 | Depths:1 | Identified the +10 spear "Ebiurix" {vorpal, +Blink rCorr
                  | Str+2 Dex+4}
 47918 | Depths:1 | Upgraded the game from 0.30-a0-21-g5d08c37080 to
                  | 0.30-a0-25-gacc37e2db0
 47987 | Depths:2 | Identified the +2 cloak of Classification {Dex+3 Stlth+}
 48117 | Depths:2 | Found a one-way gate leading to the halls of Pandemonium.
 48180 | Depths:2 | Noticed Boris
 48185 | Depths:2 | Killed Boris
 48190 | Depths:2 | Reached skill level 10 in Evocations
 48206 | Depths:2 | Found a one-way gateway to a ziggurat.
 48241 | Depths:2 | Found a runed translucent door.
 48241 | Depths:2 | Found a runed translucent door.
 48248 | Depths:2 | Killed from afar by a frost giant

Illustrated notes

Levels and vault maps discovered:
D:1:      sevenhm_arrival_forest_fort_small_6, layout_basic
D:2:      layout_loops_ring, hellmonk_ecumenical_altar_arch_garden,
          uniq_natasha, uniq_crazy_yiuf_cottage
D:3:      layout_basic, supply_closet_lemuel
D:4:      layout_basic, nicolae_vehumet_radiance, ebering_ghost_sewer_d,
          uniq_eustachio, uniq_ijyb
D:5:      layout_basic, gammafunk_ghost_icy, uniq_duvessa
D:6:      layout_loops_cross, mainiacjoe_overflow_alcove_1, uniq_edmund,
          uniq_prince_ribbit1
D:7:      layout_cave_pools, mainiacjoe_overflow_paths,
          minmay_temple_entry_antechambers, serial_bayou_lake_a, uniq_joseph,
          uniq_pikel
D:8:      layout_basic, lemuel_coloured_pillars_altar,
          mainiacjoe_overflow_cross_hatched, gammafunk_ghost_wrathful_warriors
D:9:      layout_small_grid, zin_academy, nicolae_ashenzari_panopticon
D:10:     layout_irregular_city, nicolae_water_bricks
D:11:     fort_yaktaur, layout_long_grid, david_lair_generic, erik_orc_1,
          ploomutoo_gammafunk_ghost_potion_laboratory, uniq_fannar
D:12:     layout_basic, uniq_nergalle
D:13:     orc_temple, layout_cave_pools, david_vaults_1
D:14:     layout_rooms, chequers_big_river
D:15:     hangedman_depths_entry_try_elsewhere_first, layout_loops_ring,
          grunt_decor_cap, nrook_mini_backslash
Temple:   hellmonk_temple_of_storms
Lair:1:   layout_misc_corridors, serial_bayou_shore_b, grunt_megastairs_5,
          infiniplex_staircase_pool, serial_bayou_shore_b, uniq_erica
Lair:2:   layout_layer_cave, dummy_snake_entry, minivault_26, uniq_gastronok
Lair:3:   layout_chaotic_city, swamp_mist, portal_ice_cave_demonic_guard,
          ebering_ghost_reflecting_pool, lemuel_fruit_tree, grunt_megastairs_2
Lair:4:   layout_cave_pods, kennysheep_abandoned_house, serial_bayou_shore_a,
          infiniplex_staircase_pool_2
Lair:5:   evilmike_catoblepas_cave, layout_regular_city,
          dpeg_slime_entry_corner, ebering_ghost_disaster_area
Swamp:1:  layout_falls_marsh, nicolae_swamp_oxbows
Swamp:2:  nzn_winding_woodlands_small [nzn_winding_woodlands_5x15_crooked,
          nzn_winding_woodlands_center_pierced_h,
          nzn_winding_woodlands_5x15_river_crossing], layout_falls_marsh,
          serial_swamp_ruin, evilmike_swamp_ruin_house_5,
          hangedman_swamp_ruin_wall, evilmike_swamp_ruin_rubble_2
Swamp:3:  layout_basic_swamp, nicolae_swamp_small_spring, hangedman_swamp_lotus
Swamp:4:  byrel_swamp_growth_death_and_undeath, layout_basic_swamp
Snake:1:  layout_rooms, basic_altar, nrook_loot_triangle, minmay_shop_grove
Snake:2:  layout_gridlike, gammafunk_ghost_cemetery, serial_bayou_shore_b,
          grunt_megastairs_3
Snake:3:  layout_rooms, minmay_shop_star
Snake:4:  minmay_snake_end_coiled, layout_chambers, drop_trap,
          statue_in_the_mist_lemuel, hangedman_snake_pattern
Orc:1:    layout_caves, uniq_harold
Orc:2:    st_orc_ogre_mass, layout_caves, maelrawn_ghost_gauntlet_escape,
          hangedman_minor_magic, uniq_josephine
Elf:1:    layout_gridlike, orc_legates, hangedman_corner_corridor
Elf:2:    nicolae_elf_blades_crystal_corner, layout_gridlike,
          minmay_checkered_concentric_circles
Vaults:1: portal_desolation_entry_nicolae_nacl,
          dpeg_vaults_pockets_of_resistance, v_misc_4, hangedman_vaults_hat,
          v_rooms_3, nicolae_vaults_network_barrier,
          hangedman_vaults_corner_blocks, vaults_room_mumra_shop_pool,
          nicolae_vaults_little_squares_4, nicolae_vaults_little_squares_6,
          layout_vaults_chaotic_city, serial_shops, shop
Vaults:2: vaults_room_door_hall, ontoclasm_vaults_ring_large,
          nicolae_vaults_minivaults, v_misc_16, vaults_room_semicircle,
          nicolae_vaults_yaktaur_gun_rack, ontoclasm_vaults_chip,
          ontoclasm_vaults_idyll, vaults_dpeg_cross, vaults_dpeg_ring,
          ontoclasm_vaults_eye, layout_vaults_omnigrid, uniq_nikola, uniq_mara
Vaults:3: ontoclasm_vaults_ring_large, minmay_crypt_entry_necro_gods,
          not_door_vault_due, v_misc_22, grunt_vaults_hallway_long,
          nicolae_vaults_back_hallway, ontoclasm_vaults_claustrophobia,
          v_alt_pattern_2, v_misc_8, nicolae_vaults_circle_grid_b, v_misc_2,
          layout_vaults_maze, uniq_asterion, uniq_boris
Vaults:4: nicolae_vaults_windows_and_doors_thing, hangedman_vaults_corner,
          nicolae_vaults_sealed_display, ontoclasm_vaults_misaligned,
          ontoclasm_vaults_gateway, hangedman_vaults_slither,
          nicolae_vaults_border_crossing, v_misc_22, v_alt_pattern_3, v_misc_9,
          ontoclasm_vaults_twist, layout_vaults_ring, serial_shops,
          nicolae_diamond_shop
Depths:1: layout_basic, serial_rivers, chequers_serial_rivers_marsh,
          chequers_serial_rivers_micro_c, chequers_serial_rivers_marsh,
          chequers_serial_rivers_marsh, chequers_serial_rivers_large_b,
          chequers_serial_rivers_room_a, hell_entry, serial_bayou_lagoon_a,
          door_vault, uniq_aizul
Depths:2: minmay_the_grid_four_pointed_star_mashed
          [minmay_the_grid_triangle_9x9_wacky_v,
          minmay_the_grid_triangle_9x9_tough_junction,
          minmay_the_grid_triangle_9x9_zippers_horizontal,
          minmay_the_grid_triangle_9x9_descending_squares,
          minmay_the_grid_prize_trominoes], layout_basic, enter_ziggurat_c,
          pan_entry, hell_entry, enter_trove_3

Skill      XL: |  1  2  3  4  5  6  7  8  9 10 11 12 13 14 15 16 17 18 19 20 21 22 23 |
---------------+----------------------------------------------------------------------+-----
Fighting       | 1 2 3 4 5 6 7 8 10 11 12 13 14 15 16 17 18 19 20 21 | 21.9
Spellcasting   | 4 5 6 7 8 9 10 11 12 13 14 15 16 17 | 17.6
Evocations     | 1 2 3 5 6 7 9 10 | 10.0
Maces & Flails | 1 2 3 4 5 |  5.0
Dodging        | 3 4 6 7 9 10 11 12 13 14 15 16 17 | 17.0
Shields        | 1 3 4 6 7 8 9 10 11 12 13 14 | 14.9
Unarmed Combat | 2 3 5 |  5.0
Invocations    | 3 4 6 7 8 9 10 | 10.4
Stealth        | |  1.5

Action                   |  1- 3 |  4- 6 |  7- 9 | 10-12 | 13-15 | 16-18 | 19-21 | 22-24 || total
-------------------------+-------+-------+-------+-------+-------+-------+-------+-------++-------
Melee: Whip              |     2 |       |       |       |       |       |       |       ||     2
       Mace              |       |     4 |     4 |    14 |       |       |       |       ||    22
       Staff             |       |     1 |     3 |     9 |     1 |     6 |    38 |       ||    58
       Flail             |       |     1 |     2 |    19 |       |       |       |       ||    22
       Unarmed           |       |       |       |    16 |    14 |       |       |       ||    30
 Cast: Freeze            |    28 |     5 |    18 |    34 |    47 |    33 |     1 |       ||   166
       Magic Dart        |    25 |    40 |    45 |    34 |   144 |   110 |    69 |    23 ||   490
       Frozen Ramparts   |     1 |    13 |    26 |    69 |    66 |    37 |    17 |    16 ||   245
       Ozocubu's Armour  |       |     3 |    17 |    53 |    44 |    14 |    21 |    15 ||   167
       Hailstorm         |       |     6 |    27 |   108 |   210 |   149 |    87 |    74 ||   661
       Dazzling Flash    |       |       |     2 |     3 |    10 |       |       |       ||    15
       Blade Hands       |       |       |       |     5 |     3 |       |       |       ||     8
       Iskenderun's Batt |       |       |       |       |    40 |    51 |    33 |     6 ||   130
       Iron Shot         |       |       |       |       |    62 |   279 |   421 |   252 ||  1014
       Ignite Poison     |       |       |       |       |     1 |       |       |       ||     1
       Enfeeble          |       |       |       |       |       |     2 |       |       ||     2
       Spellforged Servi |       |       |       |       |       |       |    38 |    20 ||    58
       Lehudib's Crystal |       |       |       |       |       |       |       |    28 ||    28
Invok: Minor Destruction |       |       |       |     6 |       |       |       |       ||     6
 Abil: End Transformatio |       |       |       |     2 |     1 |       |       |       ||     3
Evoke: Wand              |       |       |     1 |    15 |     1 |     1 |     3 |     1 ||    22
       Box of beasts     |       |       |       |       |     1 |       |       |       ||     1
       Tin of tremorston |       |       |       |       |       |       |     2 |     1 ||     3
       Condenser vane    |       |       |       |       |       |       |     1 |       ||     1
  Use: Scroll            |       |       |    16 |     7 |    12 |     5 |     2 |     2 ||    44
       Potion            |       |       |       |     3 |       |     4 |     2 |       ||     9
 Stab: Sleeping          |     1 |       |       |       |       |       |       |       ||     1
       Invisible         |       |       |     1 |     1 |       |       |       |       ||     2
Armor: Robe              |     4 |     3 |     3 |    44 |    39 |    43 |    13 |       ||   149
       Troll leather arm |       |       |       |       |       |       |     5 |    15 ||    20
Dodge: Dodged            |    15 |     3 |    19 |    77 |    98 |   109 |    95 |    84 ||   500
Block: Buckler           |       |       |       |    19 |    41 |    32 |       |       ||    92
       Kite shield       |       |       |       |       |       |    69 |   131 |   105 ||   305

Table legend: (Time is in decaauts)
 A = Elapsed time spent in this place.
 B = Non-inter-level travel time spent in this place.
 C = Inter-level travel time spent in this place.
 D = Time resting spent in this place.
 E = Time spent auto-exploring this place.
 F = Levels seen in this place.
 G = Mean time per level.
                   A        B        C        D        E       F      G
               +--------+--------+--------+--------+--------+-----+--------+
         Total |  48327 |  43716 |   4611 |  11006 |  21373 |  40 | 1208.2 |
       Dungeon |  20894 |  18913 |   1981 |   5684 |   9889 |  15 | 1392.9 |
        Temple |     41 |     41 |      0 |      0 |      0 |   1 |   41.0 |
          Lair |   7851 |   6935 |    916 |   1772 |   3536 |   5 | 1570.2 |
         Swamp |   2915 |   2579 |    336 |    595 |    740 |   4 |  728.8 |
     Snake Pit |   4170 |   3607 |    563 |    682 |   1423 |   4 | 1042.5 |
  Orcish Mines |   2303 |   2020 |    283 |    649 |    672 |   2 | 1151.5 |
   Elven Halls |   2412 |   2287 |    125 |    308 |   1357 |   2 | 1206.0 |
        Vaults |   5767 |   5392 |    375 |    943 |   3220 |   4 | 1441.8 |
        Depths |   1166 |   1138 |     28 |    153 |    475 |   2 |  583.0 |
    Desolation |    804 |    804 |      0 |    220 |     61 |   1 |  804.0 |
               +--------+--------+--------+--------+--------+-----+--------+

Top non-repeatable levels by time:
    D:11: 2894 daAuts
     D:4: 2099 daAuts
  Lair:4: 1912 daAuts
     D:5: 1868 daAuts
Vaults:1: 1830 daAuts
 Snake:4: 1680 daAuts
  Lair:2: 1662 daAuts
    D:10: 1626 daAuts
   Orc:2: 1621 daAuts
     D:7: 1574 daAuts
Vaults:2: 1537 daAuts
     D:8: 1491 daAuts
  Lair:5: 1489 daAuts
  Lair:1: 1413 daAuts
  Lair:3: 1373 daAuts
